 Dungeon Crawl Stone Soup version 0.22-a0-274-gf8199ec (webtiles) character file.

8880 Amnesiac the Destroyer (level 11, -1/60 HPs)
             Began as a Deep Elf Wizard on Mar 15, 2018.
             Was a High Priest of Sif Muna.
             Slain by a hornet zombie (14 damage)
             ... on level 10 of the Dungeon.
             The game lasted 00:21:32 (11546 turns).

Amnesiac the Destroyer (Deep Elf Wizard)           Turns: 11546, Time: 00:21:33

Health: -1/60      AC:  3    Str:  4    XL:     11   Next: 15%
Magic:  0/29       EV: 13    Int: 29    God:    Sif Muna [*****.]
Gold:   589        SH:  0    Dex: 13    Spells: 12/35 levels left

rFire    . . .     SeeInvis .   z - +3 dagger (venom)
rCold    . . .     Gourm    .   (no shield)
rNeg     . . .     Faith    .   a - +0 robe
rPois    .         Spirit   +   h - +0 helmet
rElec    .         Reflect  .   (no cloak)
rCorr    .         Harm     .   (no gloves)
MR       +....                  (no boots)
Stlth    ++........             p - amulet of guardian spirit
HPRegen  0.20/turn              v - +2 ring of intelligence
MPRegen  0.21/turn              (no ring)

@: no casting
A: no striking features
a: Stop Divine Energy, Channel Magic, Forget Spell, Renounce Religion


You were on level 10 of the Dungeon.
You worshipped Sif Muna.
Sif Muna was extremely pleased with you.
You were not hungry.

You visited 1 branch of the dungeon, and saw 10 of its levels.
You also visited: Ossuary.

You collected 589 gold pieces.

Inventory:

Hand Weapons
 w - the +5 long sword of Yrchoneh {pain, rPois Dex+2}
   (You found it on level 7 of the Dungeon)

   In the hands of one skilled in necromantic magic, it inflicts extra damage on
   living creatures.
   It affects your dexterity (+2).
   It protects you from poison.
 z - a +3 dagger of venom (weapon)
Missiles
 g - 33 poisoned needles
Armour
 a - a +0 robe (worn)
 h - a +0 helmet (worn)
Jewellery
 p - an amulet of guardian spirit (around neck)
 v - a +2 ring of intelligence (left hand)
 B - an uncursed ring of fire
Wands
 k - a wand of digging (10)
 A - a wand of disintegration (1)
Scrolls
 e - 2 scrolls of fog {!r}
 j - a scroll of torment {!r}
 m - a scroll of amnesia {!r}
 n - 2 scrolls of magic mapping {!r}
 r - a scroll of silence {!r, unknown}
 x - 3 scrolls of identify {!r}
 y - 6 scrolls of remove curse {!r}
 C - a scroll of enchant armour {!r}
 D - a scroll of enchant weapon {!r}
Potions
 b - 2 potions of magic {!q}
 c - a potion of haste {!q}
 f - 3 potions of heal wounds {!q}
 i - 3 potions of brilliance {!q}
 l - 3 potions of berserk rage {!q}
 o - 4 potions of agility {!q}
 q - 2 potions of lignification {!q}
 s - a potion of might {!q, unknown}
 t - 2 potions of flight {!q}
 u - 8 potions of curing {!q}
 E - a potion of invisibility {!q}
Comestibles
 d - 15 rations
 F - a chunk of flesh


   Skills:
 - Level 3.0 Fighting
 - Level 3.0 Dodging
 - Level 2.4 Stealth
 + Level 12.7 Spellcasting
 * Level 14.6 Conjurations
 - Level 1.1 Summonings
 - Level 1.1 Translocations


You had 12 spell levels left.
You knew the following spells:

 Your Spells              Type           Power        Failure   Level  Hunger
a - Stone Arrow           Conj/Erth      ######       1%          3    None
b - Call Imp              Summ           ###.....     2%          2    None
c - Confuse               Hex            ###.....     9%          3    None
d - Poison Arrow          Conj/Pois      ######....   22%         6    ####...
e - Mephitic Cloud        Conj/Pois/Air  #####...     1%          3    None
f - Magic Dart            Conj           ####         0%          1    None
s - Conjure Flame         Conj/Fire      ######..     1%          3    None
v - Blink                 Tloc           N/A          2%          2    None


Dungeon Overview and Level Annotations

Branches:
Dungeon (10/15)            Temple (0/1) D:5
   Lair: D:8-11         Orc: D:9-12

Altars:
Cheibriados
Dithmenos
Fedhas
Makhleb
Ru
Sif Muna
Trog
Wu Jian
Xom

Shops:
D:5 [

Annotations:
D:3 varam's ghost, amateur TrMo


Message History

Something hits you!
Casting: Stone Arrow (safe; 1% risk of failure)
Confirm with . or Enter, or press ? or * to list all spells.
Okay, then.
Something hits you!
* * * LOW HITPOINT WARNING * * *
Casting: Stone Arrow (safe; 1% risk of failure)
Confirm with . or Enter, or press ? or * to list all spells.
Aiming: Poison Arrow (slightly dangerous; 22% risk of failure)
Press: ? - help, Shift-Dir - straight line, f - hornet zombie
Aim: a hornet zombie The poison arrow hits something.
Something hits you!
* * * LOW HITPOINT WARNING * * *
Unknown command.
Casting: Poison Arrow (slightly dangerous; 22% risk of failure)
Confirm with . or Enter, or press ? or * to list all spells.
Aiming: Poison Arrow (slightly dangerous; 22% risk of failure)
Press: ? - help, Shift-Dir - straight line, f/p - hornet zombie
Aim: a hornet zombie The poison arrow hits something.
Sif Muna accepts your kill.
Reactivating autopickup.
You feel a bit more experienced. Sif Muna grants you divine energy.
You briefly lose access to your magic!
The hornet zombie hits you.
* * * LOW HITPOINT WARNING * * *
You regain access to your magic.
The hornet zombie hits you!
* * * LOW HITPOINT WARNING * * *
Casting: Poison Arrow (slightly dangerous; 22% risk of failure)
Confirm with . or Enter, or press ? or * to list all spells.
You blink.
Sif Muna grants you divine energy.
You briefly lose access to your magic!
Items here: % ) [ ÷ a dagger; a robe; 3 chunks of flesh; an orc skeleton You regain access to your magic.
Casting: Blink (safe; 2% risk of failure)
Confirm with . or Enter, or press ? or * to list all spells.
Aiming: Conjure Flame (safe; 1% risk of failure)
Press: ? - help, Dir - move target cursor, p - hornet zombie The fire ignites!
Casting: Conjure Flame (safe; 1% risk of failure)
Confirm with . or Enter, or press ? or * to list all spells.
Aiming: Stone Arrow (safe; 1% risk of failure)
Press: ? - help, Shift-Dir - straight line, f - hornet zombie
Aim: a hornet zombie The stone arrow hits the hornet zombie.
The hornet zombie is moderately damaged.
Sif Muna grants you divine energy.
You briefly lose access to your magic!
The hornet zombie is engulfed in blazing flames.
The hornet zombie barely misses you.
You are unable to access your magic!
You hit the hornet zombie but do no damage.
The hornet zombie is moderately damaged.
The hornet zombie is engulfed in blazing flames.
The hornet zombie hits you!
* * * LOW HITPOINT WARNING * * *
Really quaff
u - 9 potions of curing {!q}?
You feel better.
The hornet zombie is engulfed in blazing flames.
The hornet zombie hits you!
You die...

#######..##########
....[..............
..............%....
.....%..÷....##### .............#
...........o.# .............#
.............##############
............oZ@............
##################.######## #.#
####################.#
.....................############
.................................
...............##################
#############..#
#############..##################


You could see an orc and a hornet zombie.

Vanquished Creatures
  A two-headed ogre (D:9)
  The ghost of Amnesiac the Destroyer, a novice DEWz of Sif Muna (D:10)
  The ghost of Amnesiac the Destroyer, a novice DEWz of Sif Muna (D:8)
  An unseen horror (D:10)
  A cyclops (D:8)
  Joseph (D:8)
  Prince Ribbit (D:9)
  2 hippogriffs
  2 wyverns
  8 yaks
  An acid dragon (D:8)
  An ice beast (D:5)
  An eye of draining (D:10)
  A black bear (D:7)
  A hornet zombie (D:9)
  7 necrophages
  6 ogres
  3 centaurs
  A crocodile (D:10)
  4 bullfrogs
  A water moccasin zombie (Ossuary)
  A wyvern zombie (D:9)
  4 wights
  A howler monkey (D:4)
  3 crimson imps
  A bullfrog zombie (D:9)
  A quasit (D:5)
  A centaur zombie (D:5)
  2 bullfrog skeletons
  An orc priest (D:3)
  5 hounds
  A centaur skeleton (D:4)
  2 iguanas
  14 orc wizards
  9 worker ants
  6 big kobold zombies (Ossuary)
  A hound skeleton (D:5)
  4 mummies
  4 worker ant zombies
  7 adders
  3 gnolls (D:8)
  3 oozes
  5 adder zombies (Ossuary)
  2 adder skeletons
  2 worms (D:3)
  A dart slug (D:1)
  3 leopard geckos
  19 orcs
  4 bats
  6 giant cockroaches
  5 goblins
  4 hobgoblins
  12 jackals
  2 quokkas (D:5)
  2 ball pythons
  13 frilled lizards
  A giant cockroach zombie (D:6)
  2 gnoll zombies (Ossuary)
  4 hobgoblin zombies (Ossuary)
  10 kobolds
  3 kobold zombies (Ossuary)
  3 orc zombies (Ossuary)
  A quokka skeleton (D:4)
  7 rats
231 creatures vanquished.

Vanquished Creatures (collateral kills)
  A jackal (D:1)
1 creature vanquished.

Vanquished Creatures (others)
  2 withered plants (D:9)
2 creatures vanquished.

Grand Total: 234 creatures vanquished

Notes
Turn   | Place    | Note
-------+----------+-------------------------------------------
     0 | D:1      | Amnesiac the Deep Elf Wizard began the quest for the Orb.
     0 | D:1      | Reached XP level 1. HP: 10/10 MP: 7/7
   345 | D:1      | Reached XP level 2. HP: 13/16 MP: 7/9
   349 | D:1      | Learned a level 2 spell: Blink
   352 | D:1      | Learned a level 2 spell: Call Imp
   397 | D:1      | Reached skill level 1 in Fighting
   949 | D:1      | Reached skill level 2 in Conjurations
   958 | D:1      | Reached XP level 3. HP: 19/20 MP: 0/11
  1782 | D:2      | Learned a level 3 spell: Conjure Flame
  1786 | D:2      | Learned a level 3 spell: Mephitic Cloud
  1960 | D:2      | Reached XP level 4. HP: 27/27 MP: 8/12
  2560 | D:3      | Noticed varam's ghost (amateur TrMo)
  2876 | D:3      | Found a deep blue altar of Sif Muna.
  2879 | D:3      | Became a worshipper of Sif Muna the Loreminder
  3070 | D:3      | Reached skill level 3 in Conjurations
  3075 | D:3      | Reached XP level 5. HP: 31/31 MP: 0/13
  3491 | D:4      | Reached skill level 4 in Conjurations
  3593 | D:4      | Noticed an ogre
  3602 | D:4      | Killed an ogre
  3602 | D:4      | Reached skill level 5 in Conjurations
  3602 | D:4      | Reached XP level 6. HP: 36/36 MP: 4/15
  3671 | D:4      | Found a sacrificial altar of Ru.
  3719 | D:4      | Found a burning altar of Makhleb.
  3746 | D:4      | Reached * piety under Sif Muna
  3746 | D:4      | Reached skill level 5 in Spellcasting
  4561 | D:5      | Entered Level 5 of the Dungeon
  4614 | D:5      | Noticed an ice beast
  4627 | D:5      | Killed an ice beast
  4627 | D:5      | Reached skill level 6 in Conjurations
  4627 | D:5      | Reached XP level 7. HP: 40/40 MP: 1/17
  4945 | D:5      | Found Qovvanek's Antique Armour Boutique.
  5045 | D:5      | Found a staircase to the Ecumenical Temple.
  5205 | D:6      | Reached skill level 7 in Conjurations
  5319 | D:6      | Found a blossoming altar of Fedhas.
  5364 | D:6      | Found a sand-covered staircase.
  5369 | Ossuary  | Entered an ossuary
  5392 | Ossuary  | Reached ** piety under Sif Muna
  5657 | Ossuary  | Reached XP level 8. HP: 45/46 MP: 17/20
  5685 | Ossuary  | Reached skill level 8 in Conjurations
  6654 | D:7      | Learned a level 3 spell: Confuse
  6664 | D:7      | Reached skill level 9 in Conjurations
  6699 | D:7      | Noticed a hippogriff
  6711 | D:7      | Killed a hippogriff
  6757 | D:7      | Reached *** piety under Sif Muna
  6962 | D:7      | Found an ornate altar of the Wu Jian Council.
  6996 | D:7      | Got a fine long sword
  6997 | D:7      | Identified the +5 long sword of Yrchoneh {pain, rPois Dex+2} (You found it on level 7 of the Dungeon)
  7133 | D:7      | Reached skill level 10 in Conjurations
  7355 | D:8      | Reached XP level 9. HP: 38/50 MP: 12/23
  7408 | D:8      | Noticed Joseph
  7543 | D:8      | Killed Joseph
  7571 | D:8      | Noticed a cyclops
  7596 | D:8      | Killed a cyclops
  7596 | D:8      | Reached **** piety under Sif Muna
  7596 | D:8      | Reached skill level 11 in Conjurations
  7989 | D:8      | Found a snail-covered altar of Cheibriados.
  7989 | D:8      | Found a bloodstained altar of Trog.
  7989 | D:8      | Found a blossoming altar of Fedhas.
  7992 | D:8      | Found a shadowy altar of Dithmenos.
  7993 | D:8      | Found a shimmering altar of Xom.
  8199 | D:8      | Noticed Amnesiac's ghost (novice DEWz)
  8383 | D:8      | Killed Amnesiac's ghost
  8383 | D:8      | Reached skill level 10 in Spellcasting
  8443 | D:8      | Reached skill level 12 in Conjurations
  8737 | D:9      | Noticed a two-headed ogre
  8914 | D:8      | Reached XP level 10. HP: 46/56 MP: 2/26
  9518 | D:8      | Reached ***** piety under Sif Muna
  9518 | D:8      | Identified Sif Muna's Papyrus of Confrontation (Sif Muna gifted it to you on level 8 of the Dungeon)
  9518 | D:8      | Received a gift from Sif Muna
  9538 | D:8      | Learned a level 6 spell: Poison Arrow
  9780 | D:9      | Reached skill level 13 in Conjurations
  9791 | D:9      | Noticed Prince Ribbit
 10148 | D:9      | Learned a level 3 spell: Stone Arrow
 10418 | D:9      | Killed a two-headed ogre
 10711 | D:9      | Killed Prince Ribbit
 10711 | D:9      | Reached skill level 14 in Conjurations
 10956 | D:10     | Entered Level 10 of the Dungeon
 11349 | D:10     | Noticed Amnesiac's ghost (novice DEWz)
 11364 | D:10     | Killed Amnesiac's ghost
 11364 | D:10     | Reached XP level 11. HP: 47/60 MP: 10/29
 11526 | D:10     | Killed an unseen horror
 11545 | D:10     | HP: 3/60 [hornet zombie (11)]
 11546 | D:10     | Slain by a hornet zombie

Vault maps used:
D:1:      ncdulo_lavacross, minmay_lizard_pond
D:2:      minmay_wonky_spiral, solitary_fountain, minivault_23
D:3:      supply_closet_lemuel, lemuel_blue_sif_altar
D:4:      kennysheep_mini_moat, kennysheep_little_box
D:5:      minmay_temple_entry_nine_rooms, serial_shops, shop_fountains,
          first_ration
D:6:      nicolae_ossuary_entry_plus, fedhas_altar_1
D:7:      basic_altar
D:8:      minmay_flawed_box, minitemple, uniq_joseph
D:9:      serial_undead, serial_undead_b, serial_undead_b, serial_undead_b,
          serial_undead_a, serial_undead_c, serial_undead_f, serial_undead_e,
          serial_undead_b, serial_undead_e, serial_undead_f, uniq_prince_ribbit1
D:10:     david_lair_generic
Ossuary:  ossuary_tomb_2

Skill      XL: |  1  2  3  4  5  6  7  8  9 10 |
---------------+-------------------------------+-----
Fighting       | 1 2 3 |  3.0
Conjurations   | 2 3 5 6 7 10 12 14 | 14.6
Spellcasting   | 5 6 8 10 12 | 12.7
Dodging        | 3 |  3.0
Stealth        | |  2.4
Summonings     | |  1.1
Translocations | |  1.1

Action                   |  1- 3 |  4- 6 |  7- 9 | 10-12 || total
-------------------------+-------+-------+-------+-------++-------
Melee: Unarmed           |     8 |     2 |    44 |       ||    54
       Dagger            |       |    20 |    86 |    20 ||   126
       Long sword        |       |       |    26 |       ||    26
 Cast: Magic Dart        |   111 |   120 |   217 |    33 ||   481
       Call Imp          |     1 |       |     4 |       ||     5
       Conjure Flame     |       |     5 |    26 |    13 ||    44
       Mephitic Cloud    |       |     2 |    10 |       ||    12
       Blink             |       |       |     9 |     4 ||    13
       Stone Arrow       |       |       |       |    37 ||    37
       Poison Arrow      |       |       |       |    26 ||    26
Invok: Divine Energy     |       |     1 |       |       ||     1
Evoke: Wand              |       |       |    11 |     4 ||    15
  Use: Scroll            |       |     7 |     8 |     1 ||    16
       Potion            |       |     6 |     4 |     2 ||    12
 Stab: Sleeping          |       |       |     1 |       ||     1
       Confused          |       |       |     3 |       ||     3
       Distracted        |       |       |     1 |       ||     1
  Eat: Chunk             |     3 |     8 |    14 |    15 ||    40
Armor: Robe              |     8 |     3 |    31 |    10 ||    52
       Skin              |       |       |    42 |       ||    42
Dodge: Dodged            |    27 |    38 |   140 |    54 ||   259
       Rpst.: Long sword |       |       |     9 |       ||     9

Table legend:
 A = Spawn XP
 B = Non-spawn XP
 C = Spawn XP percentage of total XP
 D = Spawn monster count
 E = Non-spawn monster count
 F = Spawn count percentage of total count
 G = Total turns spent on level
                    A         B        C        D         E        F      G
               +---------+---------+-------+---------+---------+-------+---------
         Total |       0 |   12686 |   0.0 |       0 |     232 |   0.0 | 11546
               +---------+---------+-------+---------+---------+-------+---------
           D:1 |       0 |      45 |   0.0 |       0 |      28 |   0.0 |  1212
           D:2 |       0 |      66 |   0.0 |       0 |      20 |   0.0 |  1161
           D:3 |       0 |     128 |   0.0 |       0 |      21 |   0.0 |  1116
           D:4 |       0 |     373 |   0.0 |       0 |      15 |   0.0 |  1072
           D:5 |       0 |     443 |   0.0 |       0 |      21 |   0.0 |   635
           D:6 |       0 |     412 |   0.0 |       0 |      12 |   0.0 |   983
           D:7 |       0 |     914 |   0.0 |       0 |      18 |   0.0 |   751
           D:8 |       0 |    3760 |   0.0 |       0 |      31 |   0.0 |  2457
           D:9 |       0 |    3733 |   0.0 |       0 |      29 |   0.0 |  1162
          D:10 |       0 |    2504 |   0.0 |       0 |      11 |   0.0 |   590
       Ossuary |       0 |     308 |   0.0 |       0 |      26 |   0.0 |   407
               +---------+---------+-------+---------+---------+-------+---------
